 Dungeon Crawl Stone Soup version 0.29.1-1-gd02db6906a (webtiles) character file.

Game seed: 770265739135721374

3131 hawla the Zephyrmancer (level 10, -4/73 HPs)
             Began as a Meteoran Air Elementalist on Oct 12, 2022.
             Was a Believer of Vehumet.
             Collided with a rock wall (11 damage)
             ... caused by Erica
             ... on level 8 of the Dungeon.
             The game lasted 00:23:19 (4369 turns).

hawla the Zephyrmancer (Meteoran Air Elementalist)  Turns: 4369, Time: 00:23:20

Health: -4/73      AC:  8    Str: 10    XL:     10   Next: 36%
Magic:  0/23       EV: 13    Int: 21    God:    Vehumet [**....]
Gold:   320        SH:  0    Dex: 15    Spells: 14/25 levels left

rFire   + . .      SeeInvis .   d - staff of conjuration
rCold   x . .      Faith    .   (no shield)
rNeg    . . .      Spirit   .   h - +0 steam dragon scales
rPois   +          Reflect  .   m - +0 helmet
rElec   +          Harm     .   (no cloak)
rCorr   .          Rampage  .   j - +0 pair of gloves
Will    +....                   n - +0 pair of boots
Stlth   +.........              i - amulet of regeneration
HPRegen 1.02/turn               c - ring of Juleon {Fire rElec rPois}
MPRegen 0.18/turn               (no ring)

@: glowing
A: sense surroundings 2, otherworldly, glowing, explore regen
a: Renounce Religion


You were on level 8 of the Dungeon.
You worshipped Vehumet.
Vehumet was pleased with you.
You visited 2 branches of the dungeon, and saw 9 of its levels.
You also visited: Sewer.

You collected 320 gold pieces.

Inventory:

Armour
 h - +0 steam dragon scales (worn)
 j - a +0 pair of gloves (worn)
 m - a +0 helmet (worn)
 n - a +0 pair of boots (worn)
Magical Staves
 d - a staff of conjuration (weapon)
Jewellery
 c - the ring of Juleon (left hand) {Fire rElec rPois}
   (You acquired it on level 3 of the Dungeon)

   [ring of fire]

   It enhances your fire magic.
   rF:        It protects you from fire.
   rC:        It makes you vulnerable to cold.
   rElec:     It insulates you from electricity.
   rPois:     It protects you from poison.
 i - an amulet of regeneration (around neck)
Wands
 a - a wand of quicksilver (13) (quivered)
 b - a wand of iceblast (8)
 u - a wand of paralysis (3)
Scrolls
 v - 2 scrolls of amnesia {unknown}
 w - 2 scrolls of teleportation
 x - a scroll of identify
 y - a scroll of summoning
 A - a scroll of immolation {unknown}
 B - a scroll of poison
 C - a scroll of blinking {unknown}
Potions
 e - 3 potions of mutation {unknown}
 f - 2 potions of degeneration {unknown}
 g - 2 potions of berserk rage {unknown}
 k - 2 potions of invisibility {unknown}
 l - 3 potions of curing
 o - a potion of attraction
 p - 4 potions of haste {unknown}
 q - 2 potions of brilliance
 r - 2 potions of heal wounds
 s - a potion of resistance
 t - a potion of cancellation {unknown}
 z - a potion of magic


   Skills:
 + Level 2.3 Fighting
 + Level 2.3 Staves
 + Level 3.3 Dodging
 - Level 1.4 Stealth
 + Level 8.4 Spellcasting
 + Level 8.7 Conjurations
 + Level 1.0 Fire Magic
 + Level 10.4 Air Magic
 + Level 2.0 Evocations


You had 14 spell levels left.
You knew the following spells:

 Your Spells              Type           Power      Damage    Failure   Level
a - Shock                 Conj/Air       100%       1d9       1%          1
b - Static Discharge      Conj/Air       65%        3-12/arc  1%          2
c - Airstrike             Air            25%        2d(4-20)  1%          4
d - Flame Wave            Conj/Fire      60%        2d14      10%         4

Your spell library contained the following spells:

 Spells                   Type           Power      Damage    Failure   Level
 Scorch                   Fire           40%        2d7       8%          2
 Foxfire                  Conj/Fire      100%       2x1d9     1%          1
 Swiftness                Air            51%        N/A       1%          3
 Conjure Flame            Conj/Fire      60%        6-21      3%          3
 Inner Flame              Hex/Fire       16%        N/A       19%         3
 Ozocubu's Armour         Ice            8%         N/A       22%         3
 Olgreb's Toxic Radiance  Pois           8%         N/A       58%         4
 Ozocubu's Refrigeration  Ice            4%         4d8       100%        7
 Ignition                 Fire           10%        3d5       100%        8


Dungeon Overview and Level Annotations

Branches:
Dungeon (8/15) Zot: 687    Temple (1/1) D:4 Zot: 520   Sewer (visited)
   Lair: D:8-11

Altars:
Ashenzari
Dithmenos
Elyvilon
Gozag
Hepliaklqana
Makhleb
Nemelex Xobeh
Qazlal
Uskayaw
Vehumet
Wu Jian
Xom
Yredelemnul

Annotations:
D:8 Erica


Innate Abilities, Weirdness & Mutations

You passively map the area around you.
You are easily found by Zot.
You glow in the dark.
You regain HP and MP as you explore.


Message History

Confirm with . or Enter, or press ? or * to list all spells.
You can't see any susceptible monsters within range! (Use Z to cast anyway.)
Casting: Shock (safe; 1% risk of failure)
Confirm with . or Enter, or press ? or * to list all spells.
Aiming: Shock (safe; 1% risk of failure)
Press: ? - help, Shift-Dir - straight line You feel a surge of power!
The zap hits something.
Something hits you! Something burns you.
You hit something. Something hits you.
You miss something.
You hear some strange, mumbled words.
Something tries to affect you, but you resist.
You miss something. Something hits you! Something burns you.
You closely miss something. Something hits you.
Casting: Shock (safe; 1% risk of failure)
Confirm with . or Enter, or press ? or * to list all spells.
Aiming: Shock (safe; 1% risk of failure)
Press: ? - help, Shift-Dir - straight line You feel a surge of power!
The zap hits something.
You hear some strange, mumbled words.
A bolt of poison appears from out of thin air!
The bolt of poison misses you.
Unknown command.
Aiming: Quicksilver Bolt
Press: ? - help, Shift-Dir - straight line The bolt of dispelling energy hits something!
Reactivating autopickup.
Erica's magical effects unravel!
Erica points at you and mumbles some strange words.
You resist with some effort.
Aiming: Paralyse
Press: ? - help, Shift-Dir - straight line, f - Erica
Aim: Erica, wielding a +0 scimitar of flaming and wearing a +0 robe (almost dead, chance to affect: 21%) Erica resists with almost no effort.
Erica points at you and mumbles some strange words.
The lance of force hits you!!
* * * LOW HITPOINT WARNING * * *
You are knocked back by the lance of force.
You slam into the rock wall!
You die...

,* *, * , , **
*## , , , , ..#*
#### , ,** *
#..#####... , ,
#..#....#### . ,
* ##.........#..
, , **
#.............
#........... *,,
,, #@..<@..(...
,, * * *
#...[....... , *
, ,#...........
, .............
,,* ,, *
.......[.......,
, ,
...#...).......,
* **
.##............
,, , ,
............. ,
* ,, ,, , ,


You could see Erica.

Vanquished Creatures
  Sigmund (D:2)
  2 steam dragons
  An acid dragon (D:8)
  2 water moccasins
  Duvessa (D:6)
  2 sky beasts
  2 ice beasts (D:6)
  2 orc warriors
  An ogre (D:7)
  A black bear (D:7)
  A centaur (D:7)
  2 kobold brigands (Sewer)
  3 necrophages
  A scorpion (D:6)
  4 bullfrogs
  Dowan (D:6)
  A hound (D:5)
  3 orc priests
  A gnoll bouda (D:4)
  4 jellies
  An iguana (D:5)
  7 orc wizards
  4 gnolls (D:4)
  2 river rats (D:6)
  13 adders
  A shadow imp (D:5)
  A white imp (D:8)
  8 worms
  2 dart slugs (D:3)
  12 orcs
  9 bats
  8 endoplasms
  4 giant cockroaches
  3 goblins (D:1)
  8 hobgoblins
  3 jackals (D:1)
  19 kobolds
  6 quokkas
  7 ball pythons
  2 frilled lizards (Sewer)
  6 rats
162 creatures vanquished.

Vanquished Creatures (others)
  10 plants
10 creatures vanquished.

Grand Total: 172 creatures vanquished

Notes
Turn   | Place    | Note
-------+----------+-------------------------------------------
     0 | D:1      | hawla the Meteoran Air Elementalist began the quest for the
                  | Orb.
     0 | D:1      | Reached XP level 1. HP: 14/14 MP: 5/5
   124 | D:1      | Reached XP level 2. HP: 20/20 MP: 3/6
   142 | D:1      | Reached skill level 4 in Air Magic
   174 | D:1      | Learned a level 2 spell: Static Discharge
   371 | D:1      | Reached XP level 3. HP: 26/26 MP: 3/8
   500 | D:1      | Glimpsed the power of Zot.
   580 | D:2      | Noticed Sigmund
   586 | D:2      | Killed Sigmund
   587 | D:2      | Reached XP level 4. HP: 10/33 MP: 0/10
   587 | D:2      | Reached XP level 5. HP: 12/38 MP: 0/11
   587 | D:2      | Reached XP level 6. HP: 14/45 MP: 0/12
   682 | D:2      | Learned a level 4 spell: Airstrike
   923 | D:2      | Reached skill level 5 in Air Magic
  1099 | D:2      | Glimpsed the power of Zot.
  1144 | D:3      | Identified a scroll of acquirement
  1144 | D:3      | Acquired the ring of Juleon {Fire rElec rPois}
  1229 | D:3      | Found a shadowy altar of Dithmenos.
  1700 | D:3      | Glimpsed the power of Zot.
  1719 | D:4      | Reached skill level 6 in Air Magic
  1719 | D:4      | Reached XP level 7. HP: 33/50 MP: 0/13
  1721 | D:4      | Identified the +3 sling of Tetal {speed, rElec Will- rCorr
                  | Int+4}
  1791 | D:4      | Reached skill level 7 in Air Magic
  1791 | D:4      | Found a staircase to the Ecumenical Temple.
  1798 | Temple   | Entered the Ecumenical Temple
  1869 | Temple   | Became a worshipper of Vehumet
  2266 | D:4      | Found a hide-covered altar of Uskayaw.
  2266 | D:4      | Found a sparkling altar of Nemelex Xobeh.
  2379 | D:4      | Glimpsed the power of Zot.
  2426 | D:5      | Entered Level 5 of the Dungeon
  2495 | D:5      | Reached XP level 8. HP: 57/57 MP: 2/15
  2596 | D:5      | Found a stormy altar of Qazlal.
  2598 | D:5      | Noticed a fire elemental
  2599 | D:5      | Noticed an air elemental
  2599 | D:5      | Noticed a water elemental
  2639 | D:5      | Reached skill level 8 in Air Magic
  2686 | D:5      | Reached skill level 5 in Spellcasting
  2688 | D:5      | Reached * piety under Vehumet
  2688 | D:5      | Offered knowledge of Sandblast by Vehumet.
  2764 | D:5      | Reached skill level 5 in Conjurations
  2965 | D:5      | Glimpsed the power of Zot.
  3008 | D:5      | Glimpsed the power of Zot.
  3085 | D:6      | Gained mutation: You passively map the area around you.
                  | [Meteoran growth]
  3085 | D:6      | Reached XP level 9. HP: 60/62 MP: 6/19
  3087 | D:6      | Reached skill level 9 in Air Magic
  3124 | D:6      | Found an opulent altar of Gozag.
  3136 | D:6      | Noticed Dowan
  3137 | D:6      | Killed Dowan
  3138 | D:6      | Reached skill level 1 in Fighting
  3138 | D:6      | Noticed Duvessa
  3155 | D:6      | Killed Duvessa
  3436 | D:6      | Found a glowing drain.
  3444 | Sewer    | Entered a sewer
  3535 | Sewer    | Reached ** piety under Vehumet
  3578 | Sewer    | Offered knowledge of Scorch by Vehumet.
  3762 | D:6      | Glimpsed the power of Zot.
  3904 | D:7      | Reached skill level 10 in Air Magic
  3909 | D:7      | Learned a level 4 spell: Flame Wave
  3947 | D:7      | Reached XP level 10. HP: 73/73 MP: 9/23
  4158 | D:7      | Reached skill level 1 in Fire Magic
  4309 | D:8      | Noticed Erica
  4369 | D:8      | Collided with a rock wall

Illustrated notes

Levels and vault maps discovered:
D:1:      tarquinn_simple_flora_water_e, layout_loops_ring,
          grunt_decor_one_mirror
D:2:      layout_loops_corners, basic_altar, uniq_sigmund
D:3:      minmay_wonky_spiral, layout_loops_ring, grunt_dithmenos_smoke,
          shapermc_ecumenical_altar_mp_vishouse
D:4:      layout_basic, gammafunk_temple_overflow_statue,
          nicolae_ru_path_of_blood, minmay_temple_entry_glass
D:5:      layout_loops_ring, nicolae_qazlal_style_of_elements, zin_angel,
          serial_bayou, serial_bayou_pond_d, serial_bayou_pond_c,
          serial_bayou_pond_a, serial_bayou_pond_a, kennysheep_doodads,
          eino_tiny_chamber, nicolae_wormholes
D:6:      layout_rooms, fedhas_altar_fruit_tree,
          mainiacjoe_overflow_small_starburst, gup_sewer_entry_bubbles,
          uniq_duvessa
D:7:      layout_cave_pools
D:8:      kennysheep_steamy, layout_rooms,
          nzn_overflow_gifts_of_might_and_magic,
          mainiacjoe_overflow_tiny_flanked, kiku_gazebo_pond_becter,
          nicolae_elemental_shop, nicolae_elevator_lobby_asterisk, uniq_erica,
          uniq_maurice
Temple:   nicolae_temple_colour_theory

Skill      XL: |  1  2  3  4  5  6  7  8  9 10 |
---------------+-------------------------------+-----
Spellcasting   | 3 4 6 8 |  8.4
Air Magic      | 4 6 7 8 10 | 10.4
Conjurations   | 4 5 7 8 |  8.7
Evocations     | 2 |  2.0
Dodging        | 3 |  3.3
Staves         | 2 |  2.3
Fighting       | 2 |  2.3
Fire Magic     | 1 |  1.0
Stealth        | |  1.4

Action                   |  1- 3 |  4- 6 |  7- 9 | 10-12 || total
-------------------------+-------+-------+-------+-------++-------
Melee: Unarmed           |    11 |       |       |       ||    11
       Staff             |       |     6 |    53 |    46 ||   105
       Punch             |       |       |     1 |     1 ||     2
 Cast: Shock             |    32 |    23 |    68 |    11 ||   134
       Static Discharge  |     9 |    18 |    46 |     5 ||    78
       Airstrike         |       |     3 |    29 |    10 ||    42
       Flame Wave        |       |       |     1 |       ||     1
Evoke: Wand              |       |       |       |     4 ||     4
  Use: Scroll            |       |     1 |    12 |       ||    13
       Potion            |       |       |     2 |       ||     2
 Stab: Paralysed         |       |       |       |     4 ||     4
Armor: Robe              |     5 |     6 |    17 |       ||    28
       Steam dragon scal |       |       |    13 |    17 ||    30
Dodge: Dodged            |    15 |    11 |    56 |    16 ||    98
